 Dungeon Crawl Stone Soup version 0.29.1-15-g9cfb28693d (webtiles) character file.

Game seed: 2254124740267242038

212 Calibrex the Ruffian (level 5, -2/53 HPs)
             Began as a Troll Fighter on Mar 25, 2023.
             Was an Initiate of Wu Jian.
             Slain by Duvessa
             ... wielding a +0 short sword
              (16 damage)
             ... on level 4 of the Dungeon.
             The game lasted 00:08:25 (2119 turns).

Calibrex the Ruffian (Troll Fighter)                Turns: 2119, Time: 00:08:26

Health: -2/53      AC:  4    Str: 24    XL:     5   Next: 58%
Magic:  4/4        EV:  8    Int:  6    God:    Wu Jian [......]
Gold:   117        SH:  7    Dex:  9    Spells: 4/4 levels left

rFire   . . .      SeeInvis .     - Unarmed
rCold   . . .      Faith    .   b - +0 kite shield
rNeg    . . .      Spirit   .   a - +0 robe
rPois   .          Reflect  .   (helmet restricted)
rElec   .          Harm     .   f - scarf {repulsion}
rCorr   .          Rampage  .   (gloves unavailable)
Will    .....                   (boots unavailable)
Stlth   +.........              k - amulet of the acrobat
HPRegen 0.97/turn               (no ring)
MPRegen 0.09/turn               (no ring)

@: repel missiles
A: large, unfitting armour, claws 3, regeneration 1, shaggy fur 1, tough skin 1
a: Renounce Religion


You were on level 4 of the Dungeon.
You worshipped Wu Jian.
Wu Jian was noncommittal.
You visited 1 branch of the dungeon, and saw 4 of its levels.

You collected 117 gold pieces.

Inventory:

Missiles
 r - a throwing net (quivered)
Armour
 a - a +0 robe (worn)
 b - a +0 kite shield (worn)
 f - a scarf of repulsion (worn)
Jewellery
 k - an amulet of the acrobat (around neck)
Scrolls
 e - a scroll of poison {unknown}
 h - 3 scrolls of fear
 i - 2 scrolls of teleportation {unknown}
 j - 3 scrolls of noise {unknown}
 l - 2 scrolls of brand weapon {unknown}
 m - 3 scrolls of vulnerability {unknown}
 o - 2 scrolls of identify {unknown}
 p - a scroll of amnesia {unknown}
Potions
 c - 2 potions of might
 d - 4 potions of curing {unknown}
 g - a potion of attraction {unknown}
 n - a potion of heal wounds {unknown}
 q - a potion of lignification {unknown}
 s - a potion of flight {unknown}


   Skills:
 + Level 3.3 Fighting
 - Level 2.4 Dodging
 + Level 3.7 Shields
 * Level 4.3 Unarmed Combat


You had 4 spell levels left.
You didn't know any spells.
Your spell library contained the following spells:

 Spells                   Type           Power      Damage    Failure   Level
 Magic Dart               Conj           0%         1d3       75%         1
 Sandblast                Erth           0%         2d4       75%         1
 Slow                     Hex            0%         N/A       75%         1
 Passwall                 Tmut/Erth      0%         N/A       87%         2
 Searing Ray              Conj           0%         2d4       87%         2
 Confusing Touch          Hex            0%         N/A       98%         3
 Frozen Ramparts          Ice            0%         1d1       98%         3
 Stone Arrow              Conj/Erth      0%         3d7       98%         3
 Vampiric Draining        Necr           0%         2d6       98%         3
 Fulminant Prism          Conj/Hex       0%         3d6       100%        4
 Ice Form                 Ice/Tmut       0%         N/A       100%        4
 Summon Ice Beast         Ice/Summ       0%         N/A       100%        4


Dungeon Overview and Level Annotations

Branches:
Dungeon (4/15)
 Temple: D:4-7

Altars:
Kikubaaqudgha
Wu Jian

Annotations:
D:4 Duvessa


Innate Abilities, Weirdness & Mutations

You are too large for most types of armour.
You have claws for hands.
Your natural rate of healing is unusually fast.
You are covered in fur. (AC +1)
You have tough skin. (AC +1)


Message History

You catch the helpless Dowan completely off-guard!
You claw Dowan!
Your attack snaps Dowan out of his fear.
Dowan is heavily wounded.
Dowan barely misses you.
Duvessa attempts to regain her composure.
You scratch Dowan but do no damage.
Dowan is heavily wounded.
Dowan hits you but does no damage.
You miss Dowan.
Dowan is heavily wounded.
Dowan smirks and points a slender finger.
Dowan gestures wildly while chanting.
Dowan blinks!
Cornered, Duvessa turns to fight!
You closely miss Dowan.
Dowan is heavily wounded.
Dowan closely misses you.
You claw Dowan!
Dowan is almost dead.
Dowan hits you but does no damage.
You claw Dowan!
You kill Dowan!
The Council accepts your kill.
Duvessa screams, "No!
How DARE you!"
Duvessa goes berserk!
Duvessa hits you with a +0 short sword!
You barely miss Duvessa. Duvessa hits you with a +0 short sword!
Duvessa hits you with a +0 short sword.
You barely miss Duvessa. Duvessa hits you with a +0 short sword!
* * * LOW HITPOINT WARNING * * *
You mangle Duvessa!!
Duvessa is moderately wounded.
Duvessa barely misses you. Duvessa hits you with a +0 short sword.
* * * LOW HITPOINT WARNING * * *
You claw Duvessa!
Duvessa is heavily wounded.
Duvessa barely misses you. You block Duvessa's attack.
You claw Duvessa!
Duvessa is severely wounded.
Duvessa hits you with a +0 short sword!
You die...

# #. .
.##.##.
......
##...#
#.....
####...##
#......<#
#.......#
#....e@.#
#.....).#
#.......#
#...!...#
#.......#
####.####
#. .#


You could see Duvessa (berserk).

Vanquished Creatures
  A phantom (D:3)
  Dowan (D:4)
  A gnoll (D:1)
  An adder (D:2)
  2 dart slugs
  10 orcs (D:3)
  3 bats (D:2)
  4 endoplasms
  2 giant cockroaches
  5 hobgoblins
  A jackal (D:2)
  2 quokkas
  4 ball pythons
  6 frilled lizards
  4 goblins
  3 kobolds
  5 rats
55 creatures vanquished.

Notes
Turn   | Place    | Note
-------+----------+-------------------------------------------
     0 | D:1      | Calibrex the Troll Fighter began the quest for the Orb.
     0 | D:1      | Reached XP level 1. HP: 22/22 MP: 0/0
   404 | D:1      | Reached XP level 2. HP: 27/29 MP: 1/1
   470 | D:1      | Found a faded altar of an unknown god.
   848 | D:2      | Reached XP level 3. HP: 36/36 MP: 2/2
  1069 | D:2      | Reached skill level 3 in Unarmed Combat
  1428 | D:3      | Noticed a phantom
  1442 | D:3      | Killed a phantom
  1443 | D:3      | Reached XP level 4. HP: 40/45 MP: 3/3
  1519 | D:3      | Reached XP level 5. HP: 53/53 MP: 4/4
  1685 | D:3      | Found an ornate altar of the Wu Jian Council.
  1711 | D:3      | Found an ancient bone altar of Kikubaaqudgha.
  1733 | D:3      | Became a worshipper of the Wu Jian Council
  1783 | D:3      | Reached skill level 4 in Unarmed Combat
  2105 | D:4      | Noticed Duvessa
  2105 | D:4      | Noticed Dowan
  2114 | D:4      | Killed Dowan
  2119 | D:4      | Slain by Duvessa

Illustrated notes

Levels and vault maps discovered:
D:1:      zelgadis_glass_arrival_small, layout_rooms,
          shapermc_ecumenical_altar_mp_vishouse, minmay_tripent
D:2:      layout_loops_ring, minmay_puff
D:3:      layout_basic, nicolae_overflow_squiral
D:4:      layout_loops_corners, serial_shops, shop, nicolae_shop_crystal, shop,
          uniq_duvessa, uniq_eustachio, uniq_crazy_yiuf_cottage, uniq_robin

Skill      XL: |  1  2  3  4  5 |
---------------+----------------+-----
Shields        | 3 |  3.7
Unarmed Combat | 3 4 |  4.3
Fighting       | 3 |  3.3
Dodging        | |  2.4

Action                   |  1- 3 |  4- 6 || total
-------------------------+-------+-------++-------
Melee: Unarmed           |   103 |    89 ||   192
Invok: Lunge             |       |     1 ||     1
  Use: Scroll            |       |     1 ||     1
 Stab: Fleeing           |       |     1 ||     1
Armor: Robe              |    32 |    14 ||    46
Dodge: Dodged            |    40 |    24 ||    64
Block: Kite shield       |    34 |    21 ||    55
